 Dungeon Crawl Stone Soup version 0.17.1-1-g73c8601 (webtiles) character file.

191 zornare the Cudgeler (level 5, 0/45 HPs)
             Began as a Ghoul Gladiator on Dec 28, 2015.
             Was an Initiate of Okawaru.
             Slain by a phantom (6 damage)
             ... on level 4 of the Dungeon.
             The game lasted 00:11:43 (2618 turns).

zornare the Cudgeler (Ghoul Gladiator)              Turns: 2618, Time: 00:11:43

Health: 0/45       AC:  7    Str: 20    XL:     5   Next: 70%
Magic:  4/4        EV: 11    Int:  3    God:    Okawaru [......]
Gold:   199        SH:  0    Dex:  9    Spells: 0 memorised, 4 levels left

rFire  + . .     SeeInvis .     i - +0 mace
rCold  + . .     Clarity  .     a - +0 ring mail
rNeg   + + +     SustAt   .     (no shield)
rPois  ∞         Gourm    .     c - +1 helmet
rElec  .         Spirit   .     (no cloak)
rCorr  .         Warding  .     (no gloves)
rMut   .         Stasis   .     (no boots)
MR     .....                    (no amulet)
Stlth  ..........               m - ring of loudness (curse)
                                g - ring of protection from fire

@: rotting, not resistant to hostile enchantments, extremely unstealthy
A: rotting body, claws 1, carnivore 3, cold resistance 1, negative energy
resistance 3, slow regeneration 1, torment resistance, unbreathing
a: Renounce Religion


You were on level 4 of the Dungeon.
You worshipped Okawaru.
Okawaru was noncommittal.
You were not hungry.

You visited 1 branch of the dungeon, and saw 4 of its levels.

You collected 199 gold pieces.

Inventory:

Hand Weapons
 i - a +0 mace (weapon)
Armour
 a - a +0 ring mail (worn)
 c - a +1 helmet (worn)
Jewellery
 b - an uncursed amulet of resist mutation {unknown}
 g - a ring of protection from fire (left claw)
 m - a cursed ring of loudness (right claw)
Wands
 q - a wand of random effects (28)
Scrolls
 d - 3 scrolls of recharging {unknown}
 f - a scroll of enchant armour
 h - 3 scrolls of identify
 n - 4 scrolls of teleportation
Potions
 k - 2 potions of invisibility
 l - a potion of cure mutation {unknown}
Comestibles
 e - 4 meat rations


   Skills:
 + Level 3.2 Fighting
 * Level 3.7 Maces & Flails
 + Level 2.8 Throwing
 + Level 1.5 Armour
 + Level 3.3 Dodging


You had 4 spell levels left.
You didn't know any spells.

Dungeon Overview and Level Annotations

Branches:
Dungeon (4/15)
 Temple: D:4-7

Altars:
Ashenzari
Dithmenos
Fedhas
Gozag
Okawaru
Qazlal
Xom


Innate Abilities, Weirdness & Mutations

Your body is rotting away.
You thrive on raw meat.
You are immune to poison.
You have sharp fingernails.
You are carnivorous and can eat meat at any time.
Your flesh is cold resistant.
You are immune to negative energy.
You regenerate slowly when monsters are visible.
You are immune to unholy pain and torment.
You can survive without breathing.


Message History

The phantom hits you.
* * * LOW HITPOINT WARNING * * *
You closely miss the phantom.
The phantom is heavily damaged.
The phantom hits you but does no damage. x2
You hit the phantom.
The phantom is severely damaged.
The phantom hits you.
* * * LOW HITPOINT WARNING * * *
You hit the phantom.
The phantom is severely damaged.
The phantom hits you but does no damage.
You closely miss the phantom.
The phantom is severely damaged.
The phantom hits you.
* * * LOW HITPOINT WARNING * * *
You closely miss the phantom.
The phantom is severely damaged.
The phantom hits you.
You die...

#......#
#.###### #.#
#.# #.#
#.#######
#.......#
+.......####
#..?.@W....#
#.......#..#
#......## .
#..##..#
#..###..#
#... ....
.... .....
...## .....
#..# _..


You could see a phantom.

Vanquished Creatures
  The ghost of apoch the Skirmisher, an amateur DEFi (D:3)
  An iguana (D:4)
  3 adders
  2 oozes
  2 worms (D:3)
  4 giant geckos
  A ball python (D:1)
  9 bats
  2 giant cockroaches (D:2)
  6 goblins
  6 hobgoblins
  3 jackals (D:2)
  A quokka (D:2)
  5 giant newts
  3 kobolds (D:1)
  4 rats
53 creatures vanquished.

Notes
Turn   | Place    | Note
--------------------------------------------------------------
     0 | D:1      | zornare the Ghoul Gladiator began the quest for the Orb.
     0 | D:1      | Reached XP level 1. HP: 17/17 MP: 0/0
   269 | D:1      | Reached XP level 2. HP: 25/25 MP: 1/1
   827 | D:1      | Reached XP level 3. HP: 26/30 MP: 2/2
  1026 | D:2      | Found a shimmering altar of Xom.
  1118 | D:2      | Reached skill level 3 in Maces & Flails
  1224 | D:2      | Reached XP level 4. HP: 32/37 MP: 3/3
  1290 | D:2      | Reached skill level 1 in Armour
  1320 | D:2      | Found a stormy altar of Qazlal.
  1322 | D:2      | Found a blossoming altar of Fedhas.
  1427 | D:2      | Found an opulent altar of Gozag.
  1435 | D:2      | Found an iron altar of Okawaru.
  1438 | D:2      | Became a worshipper of Warmaster Okawaru
  1568 | D:3      | Noticed apoch's ghost (amateur DEFi)
  1794 | D:3      | Killed apoch's ghost
  1794 | D:3      | Reached XP level 5. HP: 14/45 MP: 4/4
  2511 | D:4      | Found a shattered altar of Ashenzari.
  2581 | D:4      | Noticed a phantom
  2599 | D:4      | Found a shadowy altar of Dithmenos.
  2618 | D:4      | Slain by a phantom

Action                   |  1- 3 |  4- 6 || total
-------------------------+-------+-------++-------
Melee: Flail             |    15 |       ||    15
       Mace              |   104 |   121 ||   225
  Use: Scroll            |     6 |     2 ||     8
       Potion            |       |     6 ||     6
 Stab: Invisible         |       |     3 ||     3
  Eat: Chunk             |     7 |    13 ||    20
